[Event "LR Global GM Aspirant-1 2024"]
[Site "Dhaka"]
[Date "2024.02.13"]
[Round "1.1"]
[White "Mohammad Fahad, Rahman"]
[Black "De Silva, L M S T"]
[Result "1-0"]
[ECO "C58"]
[WhiteElo "2418"]
[BlackElo "2398"]
[Annotator "RC"]
[PlyCount "121"]
[EventDate "2024.02.12"]
[EventType "tourn"]
[EventCountry "BAN"]
[SourceTitle "playchess.com"]
[Source "ChessBase"]
[SourceQuality "1"]
[TimeControl "5400+30"]

1. e4 e5 2. Nf3 Nc6 3. Bc4 Nf6 4. Ng5 d5 5. exd5 Na5 6. Bb5+ c6 7. dxc6 bxc6 8. Bd3 Nd5 9. Nf3 Bd6 10. O-O Nf4 11. Re1 Nxd3 12. cxd3 O-O 13. Nc3 Re8 14. a3 c5 15. b4 cxb4 16. axb4 Nc6 17. b5 Nb4 18. Ba3 Nxd3 19. Re3 Bxa3 20. Rxa3 Bb7 21. Ne4 Nf4 22. Qb3 Bd5 23. Qb2 f5 24. Ng3 Bxf3 25. Rxf3 g6 26. h3 Qd5 27. d4 Rab8 28. dxe5 Rxb5 29. Qc1 Ne6 30. Rxa7 f4 31. Ne2 Rc5 32. Qb2 Rf8 33. Re7 Rb5 34. Nc3 Qxf3 35. Nxb5 Qd5 36. Nc3 Qc4 37. Qb6 Ng5 38. Rc7 Qd3 39. h4 Nf7 40. e6 Nd6 41. e7 Re8 42. Qc6 Qd2 43. Qf3 Nf5 44. Ne4 Qe1+ 45. Kh2 Rxe7 46. Rxe7 Nxe7 47. Qxf4 Qa5 48. Qd6 Qa7 49. Qe6+ Kg7 50. Qe5+ Kg8 51. Nf6+ Kf7 52. Qf4 Kg7 53. Ne8+ Kg8 54. Nd6 Nd5 55. Qe5 Qa8 56. Ne8 Kf7 57. Nd6+ Kg8 58. Qe6+ Kg7 59. Qf7+ Kh6 60. g4 Nf6 61. Nf5+ 1-0

[Event "LR Global GM Aspirant-1 2024"]
[Site "Dhaka"]
[Date "2024.02.13"]
[Round "1.2"]
[White "Siddharth, Jagadeesh"]
[Black "Panesar Vedant"]
[Result "1-0"]
[ECO "D00"]
[WhiteElo "2457"]
[BlackElo "2452"]
[Annotator "TA"]
[PlyCount "59"]
[EventDate "2024.02.12"]
[EventType "tourn"]
[EventCountry "BAN"]
[SourceTitle "playchess.com"]
[Source "ChessBase"]
[SourceQuality "1"]
[TimeControl "5400+30"]

1. d4 Nf6 2. Nc3 d5 3. Bf4 e6 4. Nb5 Bb4+ 5. c3 Ba5 6. e3 O-O 7. Nf3 a6 8. Na3 {[%emt 0:00:06] The position is equal.} Qe7 9. Nb1 Nh5 10. Bg5 f6 11. Bh4 g5 12. g4 gxh4 13. gxh5 Nc6 14. Nbd2 ({Much weaker is} 14. Nxh4 e5 15. Rg1+ Kh8 $17) 14... Bd7 15. Qc2 f5 16. O-O-O Kh8 17. Rg1 Be8 18. h6 Qf6 19. Ng5 Bh5 20. Re1 Qxh6 21. f4 Qf6 (21... Bb6 $14) 22. Be2 $16 Bxe2 23. Rxe2 h6 24. Reg2 {[%emt 0:00:45][%cal Oc2d1] Qd1! would now be deadly.} hxg5 $2 (24... Rg8 {is a better chance.}) 25. Rxg5 $18 {[%emt 0:01:15] Threatening mate with Rh5+. White is clearly winning.} Rf7 26. Rg6 Qe7 {[%emt 0:07:30] [#]} 27. Nf3 $1 {[%emt 0:00:07] White wants to mate with Qg2.} Rh7 {[%emt 0:10:17] [#]} 28. Ng5 {[%emt 0:00:19][%cal Oc2e2] Wards off Qf7. Strongly threatening Qe2!} Rg7 29. Rh6+ (29. Rxe6 $2 Qxe6 (29... Rxg5 30. Rh6+ Kg7 31. Rxg5+ Kxh6 32. Qf2 $16) 30. Qd3 Qg6 $19) 29... Kg8 30. Qd1 {[%emt 0:00:11] Weighted Error Value: White=0.01 (flawless) /Black=0.32.  Mistake:       	---       	Black=2      Inaccurate:     	---       	Black=1      OK:         	White=12    	Black=9      Best:        	White=3     	---        Strong:       	White=1     	---} (30. Rxe6 $2 {is the wrong capture.} Qxe6 31. Kd2 Qf6 $19) 1-0

[Event "LR Global GM Aspirant-1 2024"]
[Site "Dhaka"]
[Date "2024.02.13"]
[Round "1.3"]
[White "Aradhya, Garg"]
[Black "Liyanage, Ranindu Dilshan"]
[Result "0-1"]
[ECO "D35"]
[WhiteElo "2390"]
[BlackElo "2366"]
[Annotator "TA"]
[PlyCount "100"]
[EventDate "2024.02.12"]
[EventType "tourn"]
[EventCountry "BAN"]
[SourceTitle "playchess.com"]
[Source "ChessBase"]
[SourceQuality "1"]
[TimeControl "5400+30"]

1. c4 e6 2. Nc3 d5 3. d4 Nf6 4. cxd5 exd5 5. Bg5 c6 6. e3 h6 7. Bh4 Be7 8. Bd3 O-O 9. Bg3 {[%emt 0:11:11] D35: Queen's Gambit Declined: Exchange Variation.} a5 $146 ({Predecessor:} 9... Re8 10. Nf3 Nh5 11. Be5 Nd7 12. h3 Nhf6 13. Bh2 Bb4 14. Qc2 Qe7 15. O-O Bd6 16. Bxd6 Qxd6 {1-0 Duda,J (2726)-Murzin,V (2633) FIDE Grand Swiss 2023 (3)}) 10. Nf3 Nbd7 11. h3 b5 12. O-O Ba6 13. Rc1 Qb6 14. Qe2 b4 15. Na4 Bb5 $2 (15... Bxd3 $11 16. Qxd3 Qb5 17. Qxb5 cxb5) 16. Bxb5 $2 ({White must play} 16. Nxb6 $18 Nxb6 17. Ne5 (17. Bxb5 cxb5 18. Rc7 Bd8 $18)) 16... Qxb5 $11 17. Qxb5 cxb5 18. Nc5 Rfc8 19. Nd3 Ne4 20. Bh2 Nb6 21. Nfe5 Nc4 $1 22. Nf4 Nf6 (22... Nxb2 $17 {White must now prevent ...Nc3.} 23. Nxd5 Bh4) 23. Rc2 a4 24. Nfd3 (24. Re2 $1 $15) 24... Ne4 25. f3 Nxe3 26. Rxc8+ Rxc8 27. Rc1 Rxc1+ 28. Nxc1 {[%emt 0:00:02] [#]} Ng5 $1 29. Nc6 Bf8 30. Na7 {[%emt 0:21:31] [#]} ({White should play} 30. b3 $15) 30... Nd1 $1 $17 31. Nd3 $2 (31. Nxb5 $17 {keeps fighting.} Nxb2 32. Nc7) 31... Nxb2 $19 ({Stronger than} 31... Ne6 32. Nxb5 Ne3 33. Bd6 $11) 32. Nc1 (32. Nxb2 $2 {too greedy.} a3 33. Nd1 b3 $19) 32... Ne6 33. Nxb5 Nd1 34. Kf1 Ne3+ 35. Ke2 (35. Kf2 $142 Nf5 36. Ke1) 35... Nxg2 $19 36. Nd3 g5 37. Nc7 Nxd4+ 38. Kf2 Nh4 39. f4 (39. Nxd5 $142 Ndxf3 (39... Nhxf3 $2 40. Bb8 $19) 40. Bc7) 39... a3 40. Nc1 Bc5 41. Na6 Nb3+ 42. Nxc5 Nxc1 43. fxg5 hxg5 44. Ke3 Nxa2 45. Be5 Nc1 46. Bf6 b3 47. Kd2 b2 48. Kc2 Nf3 49. Na4 d4 50. Nxb2 a2 0-1

[Event "LR Global GM Aspirant-1 2024"]
[Site "Dhaka"]
[Date "2024.02.13"]
[Round "1.4"]
[White "Mayank Chakraborty"]
[Black "Rahman, Ziaur"]
[Result "1-0"]
[ECO "D31"]
[WhiteElo "2409"]
[BlackElo "2428"]
[Annotator "TA"]
[PlyCount "141"]
[EventDate "2024.02.12"]
[EventType "tourn"]
[EventCountry "BAN"]
[SourceTitle "playchess.com"]
[Source "ChessBase"]
[SourceQuality "1"]
[TimeControl "5400+30"]

1. d4 d5 2. c4 e6 3. Nc3 c6 4. cxd5 exd5 5. Bf4 Bd6 6. Bxd6 Qxd6 7. e3 Ne7 8. Bd3 Bf5 9. Nge2 Bxd3 10. Qxd3 O-O 11. O-O Nd7 12. Ng3 Qg6 13. Qxg6 hxg6 14. f3 Nf5 15. Kf2 Nb6 16. Rfe1 Rfe8 17. Nf1 Re6 18. Rad1 Rae8 19. b3 Nd6 20. Ng3 Nf5 21. Nf1 Nd6 22. g4 Na8 23. Ng3 Nc7 24. Na4 R6e7 25. h4 f6 26. Nb2 Ne6 27. Nd3 Nf8 28. Nf4 Kf7 29. a4 Ne6 30. Nd3 Nf8 31. Re2 Ne6 32. Nc5 Kg8 33. Nxe6 Rxe6 34. Rh1 Kh7 35. Rhe1 Kg8 36. Rh1 Kh7 37. h5 g5 38. Rhe1 Rd8 39. e4 dxe4 40. Nxe4 Nxe4+ 41. Rxe4 Rxe4 42. Rxe4 Rd7 43. Ke3 Kg8 44. Re8+ Kf7 45. Rh8 a6 46. b4 f5 (46... Re7+ $11 {keeps the balance.} 47. Kd3 Ke6) 47. gxf5 $16 Kf6 48. Re8 (48. Rf8+ $16 Ke7 49. Rh8) 48... Kxf5 $14 49. a5 (49. Rf8+ $14 Ke6 50. Ke4) 49... Kf6 50. Ke4 g6 51. h6 Rh7 52. Rf8+ (52. d5 $1 $16 Rxh6 53. dxc6 bxc6 54. Kd4 Rh4+ 55. Kc5) 52... Ke6 $11 53. Rg8 Rxh6 54. Rg7 Rh4+ 55. Ke3 Kd5 56. Rxg6 Kc4 57. Rxg5 Rh7 (57... Rh1 $11 {remains equal.}) 58. f4 $16 Kxb4 {[%emt 0:00:00] [#]} (58... Rh8 $16 59. Rc5+ Kxb4) 59. Re5 (59. Rc5 $1 $18 {and the rest is easy.}) 59... b6 $16 60. axb6 a5 {[%emt 0:00:22] [#]} 61. Rc5 (61. Kd3 $1 $16 {Strongly threatening f5.} a4 62. Re1) 61... a4 $11 62. Rxc6 a3 63. Rc1 (63. Rc7 $5 Rh6 $8 64. f5 $11 (64. b7 Rb6 $11)) 63... a2 64. d5 Rb7 65. Kd4 Rxb6 66. Ke5 Rb8 $2 (66... Ka3 $11 67. Ra1 Rb1 68. Rxa2+ Kxa2) 67. d6 $18 Re8+ $2 (67... Ka3) 68. Kd5 $18 Re2 69. d7 Rd2+ 70. Ke6 Kb3 71. Re1 1-0

[Event "LR Global GM Aspirant-1 2024"]
[Site "Dhaka"]
[Date "2024.02.14"]
[Round "2.1"]
[White "De Silva, L M S T"]
[Black "Barua, Dibyendu"]
[Result "1/2-1/2"]
[ECO "C02"]
[WhiteElo "2398"]
[BlackElo "2404"]
[Annotator "RC"]
[PlyCount "73"]
[EventDate "2024.02.12"]
[EventType "tourn"]
[EventCountry "BAN"]
[SourceTitle "playchess.com"]
[Source "ChessBase"]
[SourceQuality "1"]
[TimeControl "5400+30"]

1. e4 e6 2. d4 d5 3. e5 c5 4. c3 Nc6 5. Nf3 Qc7 6. Bd3 cxd4 7. cxd4 Nb4 8. Bb5+ Bd7 9. Bxd7+ Qxd7 10. a3 Nc6 11. O-O Nge7 12. Nc3 Nc8 13. Ne1 Nb6 14. Ne2 a5 15. Ng3 a4 16. Nh5 Na5 17. Bg5 Nb3 18. Rb1 Qb5 19. Nc2 Qc4 20. Be3 Nd7 21. Na1 Nxa1 22. Rxa1 g6 23. Nf6+ Nxf6 24. exf6 Bd6 25. Qd2 Kd7 26. Rac1 Qb5 27. Rc3 Rhc8 28. Rfc1 Rc6 29. Rxc6 bxc6 30. Rc2 Rb8 31. h3 Qb3 32. Bf4 Bxf4 33. Qxf4 Qxc2 34. Qxb8 Qd1+ 35. Kh2 Qxd4 36. Qb7+ Kd6 37. Qb8+ 1/2-1/2

[Event "LR Global GM Aspirant-1 2024"]
[Site "Dhaka"]
[Date "2024.02.14"]
[Round "2.2"]
[White "Rahman, Ziaur"]
[Black "Murshed, Niaz"]
[Result "1-0"]
[ECO "A48"]
[WhiteElo "2428"]
[BlackElo "2363"]
[Annotator "TA"]
[PlyCount "79"]
[EventDate "2024.02.12"]
[EventType "tourn"]
[EventCountry "BAN"]
[SourceTitle "playchess.com"]
[Source "ChessBase"]
[SourceQuality "1"]
[TimeControl "5400+30"]

1. d4 Nf6 2. Bf4 d6 3. Nf3 g6 4. h3 Bg7 5. c3 O-O 6. e3 Nbd7 7. Be2 b6 8. O-O Bb7 9. Bh2 Ne8 10. a4 {[%emt 0:05:52][%cal Ba2a4,Ba4a5][%mdl 32] White has an edge.} a6 11. Qb3 e5 12. a5 b5 13. c4 Rb8 14. cxb5 exd4 (14... Bxf3 $11 {keeps the balance.} 15. Bxf3 Rxb5) 15. exd4 $16 Bxf3 16. Qxf3 (16. Bxf3 $6 Rxb5 17. Qc4 c5 $11) 16... Bxd4 17. bxa6 (17. Nc3 $16) 17... Bxb2 ({Black should play} 17... Rxb2 $14 18. Na3 Rxe2) 18. Ra2 {[%emt 0:01:48] aiming for a7.} Bd4 (18... Be5 $142) 19. Na3 $1 Ng7 (19... Ne5 $16 20. Bxe5 dxe5) 20. Nb5 Ne6 21. Bc4 Be5 22. a7 {[%emt 0:02:37] White is much more active.} Rc8 23. Qe3 Qf6 (23... Bxh2+ {is a better defense.} 24. Kxh2 Nec5) 24. Bd5 $18 c6 25. a8=Q ({Not} 25. Nxd6 Bxh2+ 26. Kxh2 cxd5 $16) 25... Rxa8 26. Bxc6 Rad8 27. Bg3 ({And not} 27. Nxd6 Nd4 28. Bxe5 Nxe5 $11) 27... Nb8 {[%emt 0:01:51][%cal Bd7b8,Bb8a6,Ba6b4][%mdl 32] [#]} 28. Bd5 Na6 {[%emt 0:00:14] [#]} 29. f4 $1 Bd4 30. Nxd4 Nxd4 31. Bf2 {[%emt 0:05:51] A strong pair of Bishops.} Nb4 {[%emt 0:00:19] Dodges Qd3} 32. Qxd4 Qxd4 33. Bxd4 {[%emt 0:00:05][%cal Od4b6] Black must now prevent Bb6!} Nxd5 34. a6 Nb4 35. Ra4 Nc6 36. Bb6 Rd7 37. Rc1 Na7 38. Rc7 Rxc7 39. Bxc7 d5 40. Rb4 {[%emt 0:01:10] Weighted Error Value: White=0.12 (very precise) /Black=0.28 (precise) .  Mistake:       	White=1     	Black=5      Inaccurate:     	---       	Black=2      OK:         	White=14    	Black=12     Best:        	White=1     	Black=1      Strong:       	White=1     	---} 1-0

[Event "LR Global GM Aspirant-1 2024"]
[Site "Dhaka"]
[Date "2024.02.14"]
[Round "2.3"]
[White "Liyanage, Ranindu Dilshan"]
[Black "Mayank Chakraborty"]
[Result "1/2-1/2"]
[ECO "E11"]
[WhiteElo "2366"]
[BlackElo "2409"]
[Annotator "TA"]
[PlyCount "60"]
[EventDate "2024.02.12"]
[EventType "tourn"]
[EventCountry "BAN"]
[SourceTitle "playchess.com"]
[Source "ChessBase"]
[SourceQuality "1"]
[TimeControl "5400+30"]

1. d4 Nf6 2. c4 e6 3. Nf3 d5 4. g3 Bb4+ 5. Bd2 Be7 6. Bg2 O-O 7. O-O c6 8. Qc2 b6 9. Ne5 Bb7 10. cxd5 cxd5 11. Rc1 Bd6 {[%emt 0:12:22] Prevents Qc7} 12. Na3 (12. Nc3 {simplifies} Nbd7 13. Nd3 Rc8 14. Qd1) 12... Nfd7 13. Nb5 Nxe5 14. Nxd6 $1 Qxd6 15. dxe5 {[%emt 0:00:05] Black is weak on the dark squares} Qd7 ({Of course not} 15... Qxe5 16. Bf4 Qf6 17. Qc7 $16) 16. Bb4 Rc8 17. Qd3 Nc6 18. Bd6 f6 19. f4 Nd8 20. Qd4 Nf7 21. Bb4 {[%emt 0:01:52] A strong pair of Bishops.} a5 {[%emt 0:06:59] [#] Hoping for ...fxe5.} 22. Bd2 fxe5 23. fxe5 b5 24. Rxc8+ Rxc8 25. Bxa5 Rc4 {[%emt 0:00:18] Prevents b3} 26. Qa7 Qc8 27. Bc3 b4 28. Bd4 Nd8 {[%emt 0:00:26] [#]} ({Black should play} 28... Ba6 $14) 29. e3 {[%emt 0:02:41] White is more active.} (29. Qb6 $1 $16) 29... Nc6 $11 30. Qb6 {[%emt 0:00:05] White wants to play Bf1.} Rc2 {[%emt 0:04:55] Weighted Error Value: White=0.13 (very precise) /Black=0.10 (very precise) .  Mistake:       	White=1     	Black=1      Inaccurate:     	White=2     	Black=2      OK:         	White=12    	Black=10     Best:        	---       	Black=2      Strong:       	White=1     	---} 1/2-1/2

[Event "LR Global GM Aspirant-1 2024"]
[Site "Dhaka"]
[Date "2024.02.14"]
[Round "2.4"]
[White "Panesar Vedant"]
[Black "Aradhya, Garg"]
[Result "1-0"]
[ECO "C84"]
[WhiteElo "2452"]
[BlackElo "2390"]
[Annotator "TA"]
[PlyCount "81"]
[EventDate "2024.02.12"]
[EventType "tourn"]
[EventCountry "BAN"]
[SourceTitle "playchess.com"]
[Source "ChessBase"]
[SourceQuality "1"]
[TimeControl "5400+30"]

1. e4 e5 2. Nf3 Nc6 3. Bb5 a6 4. Ba4 Nf6 5. O-O Be7 6. d3 b5 7. Bb3 d6 8. c3 O-O 9. h3 Be6 10. Bxe6 fxe6 11. a4 {[%emt 0:00:01] White is slightly better.} Qd7 12. Na3 d5 13. Qc2 (13. exd5 $11 exd5 14. axb5 axb5 15. Be3) 13... bxa4 (13... b4 $15 14. Nb1 Nh5) 14. Be3 (14. Qxa4 Nd4 15. Qxd7 Nxf3+ 16. gxf3 Nxd7 $15) 14... Rad8 15. Nb1 d4 16. cxd4 exd4 17. Bd2 {[%emt 0:01:10][%cal Of1c1] Threatening Rc1!} Nh5 $1 18. Ne1 (18. Rxa4 Rxf3 19. gxf3 Ne5 20. Rxa6 Nxf3+ 21. Kh1 Bd6 $17) 18... Nf4 (18... Rb8 $11) 19. Bxf4 $14 (19. Rxa4 Ne2+ 20. Kh1 Ne5 $19 (20... Ng3+ $2 21. Kg1 $19)) 19... Rxf4 20. Nd2 Bb4 21. Nef3 (21. Nc4 $5) 21... Bxd2 22. Nxd2 (22. Qxd2 Rxf3 23. gxf3 Ne5 $17) 22... Nb4 23. Qc4 Qb5 24. Ra3 (24. Qxc7 Rdf8 (24... Rff8 25. Qc4 $14) 25. Qc4 Nxd3 26. Rxa4 Qxc4 (26... Rxf2 27. Qxe6+ Kh8 28. Rxf2 $16) (26... Nxf2 27. Qxb5 axb5 28. Rxd4 $11) 27. Rxc4 Rxf2 (27... Nxf2 28. Rxd4 e5 29. Ra4 $11) 28. Rxf2 Rxf2) 24... Rdf8 25. Qxe6+ ({And not} 25. Qxc7 Nxd3 26. Qd6 R4f7 (26... Nxb2 27. Qxe6+ Kh8 28. Qd6 $11) 27. Qxe6 Nf4 $17 (27... Qxb2 $2 28. Rxd3 Qb7 29. Rxd4 $18) (27... Nxb2 28. Rf3 $11)) 25... Kh8 26. Qc4 {[%emt 0:01:26] Inhibits Nc2.} c5 {[%emt 0:01:09] White stays focused until the end.} (26... R4f6 $14) 27. g3 $16 R4f6 28. f4 Qd7 29. Kg2 Qe7 (29... Rh6 $16 {was necessary.} 30. f5 (30. Qxc5 Qxh3+ 31. Kf3 Rhf6 $19) 30... Qb5) 30. Nf3 h6 31. Rxa4 Qe6 32. Qxc5 Nxd3 33. Qxd4 Nxf4+ 34. gxf4 Rxf4 35. Qe3 Qg6+ 36. Kh2 Qf6 {[%emt 0:00:13] [#] Dodges Nh4} (36... Qe8 37. Rc4 (37. Rxa6 Qb5 $11) 37... Qb8) 37. e5 $1 $18 Rxf3 38. exf6 {[%emt 0:00:10] White mates.} Rxe3 39. fxg7+ (39. Rxa6 Re2+ 40. Kg1 Rxb2 $14) 39... Kxg7 40. Rg4+ Kh7 41. Rxf8 {[%emt 0:00:02] Weighted Error Value: White=0.09 (flawless) /Black=0.33.  Mistake:       	White=1     	Black=5      Inaccurate:     	White=2     	Black=3      OK:         	White=12    	Black=9      Best:        	White=3     	Black=2      Strong:       	White=1     	Black=1} 1-0

[Event "LR Global GM Aspirant-1 2024"]
[Site "Dhaka"]
[Date "2024.02.14"]
[Round "2.5"]
[White "Mohammad Fahad, Rahman"]
[Black "Siddharth, Jagadeesh"]
[Result "0-1"]
[ECO "C02"]
[WhiteElo "2418"]
[BlackElo "2457"]
[Annotator "TA"]
[PlyCount "58"]
[EventDate "2024.02.12"]
[EventType "tourn"]
[EventCountry "BAN"]
[SourceTitle "playchess.com"]
[Source "ChessBase"]
[SourceQuality "1"]
[TimeControl "5400+30"]

1. e4 e6 2. d4 d5 3. e5 c5 4. c3 Nc6 5. Nf3 Qc7 6. Be2 f6 7. O-O fxe5 8. dxe5 Nh6 {[%emt 0:00:12] The position is equal.} 9. Bxh6 gxh6 10. c4 d4 11. Re1 Bd7 12. Nbd2 O-O-O 13. Bd3 Be8 14. a3 Rg8 15. Qc2 Rd7 (15... Rg7 $15) 16. Ne4 ({White should play} 16. b4 $11) 16... Bh5 $1 $15 17. Nfd2 (17. Nf6 $2 Bxf3 (17... Rxg2+ $2 18. Kxg2 Rg7+ 19. Ng5 $19) 18. Nxg8 Rg7 $19) 17... Nxe5 (17... Qxe5 18. Ng3 Qg7 19. Rxe6 $14) 18. Nf6 {[%emt 0:02:07][%csl LRd7,LRg8,LRh5,LRh7][%cal Of6h5] [#]} Ng4 $1 {[%emt 0:04:12] The board is on fire.} 19. Nxg4 Bxg4 20. Ne4 Rdg7 $40 {[%emt 0:09:59][%cal Og4d1][%mdl 128] ...Bd1! would now be deadly. Black wants a kill.} 21. Qa4 (21. Nf6 Be2 22. Nxg8 (22. Qxe2 $2 Rxg2+ 23. Kh1 Rxh2#) 22... Rxg2+ 23. Kxg2 Qg7+ $19) 21... Bd6 (21... Be7 $5 22. Qxa7 Be2 23. Qa8+ (23. Bxe2 $2 Rxg2+ 24. Kh1 Rxh2#) 23... Kd7 24. Qxg8 (24. Qa4+ $2 b5 $19) 24... Rxg8 25. Rxe2 Qa5 $14) 22. g3 $1 Kb8 23. Nf6 {[%emt 0:03:54][%mdl 8192] [#] Repels h5. Loses the game.} (23. b4 $15) 23... Bxg3 $1 $19 24. fxg3 Bh3 {[%emt 0:02:02][%cal Og7g3] ( -> ...Rxg3+!)} 25. Nh5 {[%emt 0:14:31] [#]} (25. Nxg8 {leads to mate.} Rxg3+ 26. Kh1 Bg2+ (26... Rxd3 27. Qe8+ Qc8 28. Qxc8+ Kxc8 29. Rg1 $18) 27. Kg1 Bc6+ (27... Rxd3 $2 {loses.} 28. Qe8+ Qc8 29. Qxc8+ Kxc8 30. Kxg2 $18) 28. Kf1 Qf4+ (28... Bxa4 $2 29. hxg3 Qxg3 30. Be4 $19) 29. Ke2 Rg2+ 30. Kd1 Qd2#) (25. Nd7+ $19 Rxd7 (25... Qxd7 $2 26. Qxd7 Rxd7 27. b4 $19) 26. Qc2) 25... Rxg3+ $3 {[%emt 0:00:14][%mdl 512] Black mates.} 26. hxg3 Rxg3+ 27. Kf2 {[%emt 0:00:04] [#]} Rg2+ $1 28. Kf3 Qf7+ 29. Nf4 {[%emt 0:00:39] [#]} Rf2+ $3 {[%emt 0:00:06][%mdl 512] Weighted Error Value: White=0.61/Black=0.06 (flawless) .  Loses game:     	White=1     	---        Mistake:       	White=2     	Black=1      Inaccurate:     	White=1     	Black=1      OK:         	White=5     	Black=7      Best:        	---       	Black=1      Strong:       	White=1     	Black=2      Brilliant:      	---       	Black=2} 0-1

[Event "LR Global GM Aspirant-1 2024"]
[Site "Dhaka"]
[Date "2024.02.14"]
[Round "3.1"]
[White "Siddharth, Jagadeesh"]
[Black "De Silva, L M S T"]
[Result "1-0"]
[ECO "C50"]
[WhiteElo "2457"]
[BlackElo "2398"]
[Annotator "TA"]
[PlyCount "83"]
[EventDate "2024.02.12"]
[EventType "tourn"]
[EventCountry "BAN"]
[SourceTitle "playchess.com"]
[Source "ChessBase"]
[SourceQuality "1"]
[TimeControl "5400+30"]

1. e4 e5 2. Nf3 Nc6 3. Bc4 Bc5 4. Nc3 Nf6 5. d3 O-O 6. O-O h6 7. h3 a6 8. Be3 Bxe3 9. fxe3 d6 10. d4 exd4 11. exd4 Nxe4 12. Nxe4 {[%emt 0:00:00] White is slightly better.} d5 13. Bd3 dxe4 14. Bxe4 Ne7 15. c3 Qd6 16. Ne5 c5 (16... Be6 $14) 17. Qd3 {[%emt 0:00:00] White is much more active. The black rooks are passive.} (17. Nc4 $1 $16 Qg3 18. dxc5) 17... Be6 $1 $11 18. Bxb7 Rab8 19. Bxa6 cxd4 (19... Rxb2 {keeps more tension.} 20. Bc4 cxd4 21. cxd4 Bd5) 20. cxd4 Bf5 {[%emt 0:00:00] [#]} 21. Qe2 $1 $16 Qxd4+ 22. Rf2 Rb6 {[%emt 0:00:00] [#]} (22... Be6 $16 {might work better.}) 23. Rd1 (23. Bc4 $1 $18) 23... Qa4 24. Bd3 Rxb2 25. Qxb2 Qxd1+ 26. Rf1 Qh5 27. Bxf5 ({White should play} 27. g4 $16 Qxh3 28. gxf5 (28. Bxf5 Qg3+ 29. Kh1 Qh3+ 30. Kg1 Qg3+ 31. Kh1 Qh3+ 32. Kg1 $11) (28. Rf3 Qh4 $18)) 27... Nxf5 $14 28. g4 Qxh3 {[%emt 0:00:00] Hoping for ...Qg3+.} 29. Rxf5 ({Don't play} 29. gxf5 Qg3+ 30. Kh1 Qh3+ 31. Kg1 Qg3+ 32. Kh1 Qh3+ 33. Kg1 $11) 29... Qg3+ 30. Qg2 Qe1+ 31. Kh2 Rd8 {[%emt 0:00:00] Prevents Qd5.} 32. Nf3 {[%emt 0:00:00] Prevents Rd2} (32. Nxf7 $2 Rd2 33. Ne5 Rxg2+ 34. Kxg2 Qd2+ 35. Kh3 Qc3+ (35... Qxa2 $2 36. Nf3 $17) 36. Nf3 Qa3 $17) 32... Qc1 33. Qe2 {[%emt 0:00:00] Qe7 is the strong threat.} Ra8 34. Rd5 Qf4+ 35. Kh3 {[%emt 0:00:00] Threatens to win with Rd4.} g6 $2 {[%emt 0:04:46] This move loses the game for Black.} (35... Ra4 $16) 36. Rd4 $18 Qf6 37. Kg2 Rb8 38. Qd2 Qe6 $2 (38... Kg7 39. Kg3 Ra8) 39. Kg3 ({Less strong is} 39. Qxh6 Qxa2+ 40. Kg3 Qa7 $18) 39... Kh7 40. Rd6 (40. a4 $142) 40... Qe8 $2 (40... Qc4 {was necessary.} 41. Rd4 Qc7+ 42. Kh3 Qe7) 41. Rd7 Rb5 {[%emt 0:01:15] Inhibits Qd5.} (41... Qe6 $18 42. Qf4 Qxd7 43. Qxb8 Qd5) 42. Rd8 {[%emt 0:00:00] Weighted Error Value: White=0.34/Black=0.61.  Loses game:     	---       	Black=1      Mistake:       	White=4     	Black=7      Inaccurate:     	White=1     	Black=3      OK:         	White=9     	Black=8      Best:        	White=7     	Black=3      Strong:       	White=1     	Black=1} 1-0

[Event "LR Global GM Aspirant-1 2024"]
[Site "Dhaka"]
[Date "2024.02.14"]
[Round "3.2"]
[White "Aradhya, Garg"]
[Black "Mohammad Fahad, Rahman"]
[Result "1/2-1/2"]
[ECO "D30"]
[WhiteElo "2390"]
[BlackElo "2418"]
[Annotator "TA"]
[PlyCount "105"]
[EventDate "2024.02.12"]
[EventType "tourn"]
[EventCountry "BAN"]
[SourceTitle "playchess.com"]
[Source "ChessBase"]
[SourceQuality "1"]
[TimeControl "5400+30"]

1. d4 d5 2. c4 e6 3. Nf3 c6 4. e3 Nf6 5. Bd3 dxc4 6. Bxc4 Nbd7 7. O-O b5 8. Bb3 {[%emt 0:00:51] D30: Queen's Gambit Declined: Systems without Nc3.} c5 9. Nc3 b4 10. Na4 Ba6 11. Re1 $1 c4 12. Bc2 Bd6 (12... Bb7 $11) 13. e4 $14 e5 14. dxe5 Nxe5 15. Nd4 $146 ({Predecessor:} 15. Bf4 Qc7 16. Nxe5 Bxe5 17. Bxe5 Qxe5 18. Qd2 O-O 19. Rad1 Rab8 20. h3 Nh5 21. g3 {½-½ Matlakov,M (2695)-Ter Sahakyan,S (2580) EU-ch 16th Jerusalem 2015 (2)}) 15... O-O 16. Nf5 Bc7 17. Nc5 Bc8 18. Bf4 Bxf5 19. exf5 Qxd1 20. Raxd1 Nf3+ 21. gxf3 Bxf4 22. Rd4 Rfc8 23. Na6 (23. Rxc4 Bd6 24. Be4 Nxe4 (24... Rxc5 $2 25. Rxc5 Nxe4 26. Rd5 $18) 25. fxe4 Rxc5 $19 (25... Bxc5 26. Rec1 $11)) 23... Bh6 24. b3 c3 $1 25. Nxb4 a5 26. Nd3 Rd8 27. Rc4 Bd2 28. Re5 Kf8 29. a3 Nh5 30. Rc7 Re8 31. Rxe8+ Rxe8 32. b4 axb4 33. axb4 Re7 34. Rc8+ Re8 35. Rc4 Nf6 36. Rc7 Re7 37. Rc8+ Re8 38. Rxe8+ Kxe8 39. Bb3 Ke7 40. Kf1 Ne8 41. b5 Nd6 42. b6 Kd7 43. Nb4 Nxf5 44. b7 (44. Bxf7 Nd4 45. b7 Bf4 $11) 44... Bf4 45. Nd5 ({Much weaker is} 45. Bxf7 Nd4 46. Bg8 c2 47. Nxc2 Nxc2 48. Bxh7 Nd4 $17) 45... Be5 46. f4 Bb8 47. Nxc3 Bxf4 48. h3 ({Not} 48. Bxf7 Be5 $18) 48... f6 49. Bc2 Ne7 50. Bxh7 f5 51. Ne2 Be5 52. Nd4 Kc7 53. Nxf5 1/2-1/2